 Dungeon Crawl Stone Soup version 0.31-a0-229-g1fc7ce93e2 (webtiles) character file.

Game seed: 17613576745496375978

281039 drugrobin the Phalangite (level 18, 0/155 (157) HPs)
             Began as a Demigod Delver on July 6, 2023.
             Shot with an arrow by a deep elf master archer (9 damage)
             ... on level 3 of the Elven Halls on July 7, 2023.
             The game lasted 03:55:46 (45066 turns).

drugrobin the Phalangite (Demigod Delver)          Turns: 45066, Time: 03:55:47

HP:   0/155 (157)   AC: 16    Str: 23    XL:     18   Next: 97%
MP:   5/29          EV: 20    Int: 33    God:
Gold: 779           SH:  9    Dex: 25    Spells: 2/39 levels left

rFire   + . .        a - +3 trident of Hyckis {venom, +Blink Str+2 Int+3 Dex-2}
rCold   + + .        W - +4 buckler of the Accordion {rC+}
rNeg    + . .        E - +4 troll leather armour {Snorg}
rPois   +            K - +3 crown of Dyrovepreva {rElec Int+2 SInv}
rElec   +            m - scarf {rC+ rF+}
rCorr   .            O - +1 pair of gloves
SInv    +            p - +2 pair of boots {Stlth+}
Will    ++...        i - amulet "Xutrix" {RegenMP MP-9 Int+4 Dex+8 Slay+6}
Stlth   ++++         N - ring of Okawaru's Indignation {Fly rPois Will+}
HPRegen 1.25/turn    f - ring "Ladiguf" {Wiz rN+}
MPRegen 0.61/turn

%: wizardry (x1)
@: about to teleport, flying, very slightly contaminated, slowed, studying
Conjurations, lightly drained, very slow
A: high MP 1, forlorn, divine attributes
}: 2/15 runes: decaying, gossamer
a: Evoke Blink


You were on level 3 of the Elven Halls.
You visited 6 branches of the dungeon, and saw 30 of its levels.
You also visited: Gauntlet, Ice Cave and Volcano.

You collected 2981 gold pieces.
You spent 2202 gold pieces at shops.

Inventory:

Hand Weapons
 a - the +3 trident of Hyckis (weapon) {venom, +Blink Str+2 Int+3 Dex-2}
   (You found it on level 5 of the Dungeon)

   Str:       It affects your strength (+2).
   Int:       It affects your intelligence (+3).
   Dex:       It affects your dexterity (-2).
   +Blink:    It lets you blink.
 b - a +0 demon trident
 x - the +13 scythe of Curses {drain, curses, Drain}
   (You found it in a Gauntlet)

   Drain:     It drains your maximum health when unequipped.
Missiles
 A - 4 curare-tipped darts
Armour
 m - a scarf of resistance (worn)
 p - a +2 pair of boots of stealth (worn)
 E - a +4 troll leather armour (worn) {Snorg}
 K - the +3 crown of Dyrovepreva (worn) {rElec Int+2 SInv}
   (You bought it in a shop on level 2 of the Orcish Mines)

   Int:       It affects your intelligence (+2).
   rElec:     It insulates you from electricity.
   SInv:      It lets you see invisible.
 O - a +1 pair of gloves (worn)
 W - the +4 buckler of the Accordion (worn) {rC+}
   (You found it on level 5 of the Dungeon)

   rC:        It protects you from cold.
Jewellery
 f - the ring "Ladiguf" (right hand) {Wiz rN+}
   (You found it in an ice cave)

   [ring of wizardry]

   It improves your spell success rate.
   rN:        It protects you from negative energy.
 h - a ring of resist corrosion
 i - the amulet "Xutrix" (around neck) {RegenMP MP-9 Int+4 Dex+8 Slay+6}
   (You found it on level 2 of the Swamp)

   [amulet of magic regeneration]

   It increases your rate of magic regeneration.
   Int:       It affects your intelligence (+4).
   Dex:       It affects your dexterity (+8).
   Slay:      It affects your accuracy & damage with ranged weapons and melee
   (+6).
   MP:        It affects your magic capacity (-9).
 r - a +5 ring of evasion
 J - the ring of the Iron Devil {rElec rF+ Slay+3}
   (You found it in a Gauntlet)

   [ring of protection from fire]

   Slay:      It affects your accuracy & damage with ranged weapons and melee
   (+3).
   rF:        It protects you from fire.
   rElec:     It insulates you from electricity.
 N - the ring of Okawaru's Indignation (left hand) {Fly rPois Will+}
   (You took it off a minotaur in a Gauntlet)

   [ring of flight]

   rPois:     It protects you from poison.
   Fly:       It grants you flight.
   Will:      It increases your willpower.
 S - a ring of protection from cold
 U - the ring of Morality {Fire Dex+2}
   (You found it on level 5 of the Dungeon)

   [ring of fire]

   It enhances your fire magic.
   Dex:       It affects your dexterity (+2).
   rF:        It protects you from fire.
   rC:        It makes you vulnerable to cold.
Wands
 g - a wand of digging (10)
 v - a wand of paralysis (58)
 I - a wand of polymorph (20)
 M - a wand of quicksilver (44)
 Q - a wand of flame (47) (quivered)
 Y - a wand of roots (13)
Scrolls
 d - 2 scrolls of revelation
 e - 8 scrolls of fear
 j - 17 scrolls of teleportation
 l - 6 scrolls of fog
 s - 6 scrolls of vulnerability
 B - 8 scrolls of poison
 G - 6 scrolls of blinking
 L - 2 scrolls of butterflies
 Z - a scroll of silence
Potions
 n - 8 potions of curing
 o - 3 potions of lignification
 q - 2 potions of haste
 u - 3 potions of berserk rage
 w - 2 potions of invisibility
 y - a potion of resistance
 z - 9 potions of ambrosia
 P - 3 potions of attraction
 T - 5 potions of might
 X - 9 potions of heal wounds
Miscellaneous
 c - a phial of floods
 k - a phantom mirror
 t - a box of beasts
 V - a lightning rod (3/4)


   Skills:
 - Level 13.1 Fighting
 * Level 21.2 Polearms
 - Level 10.0 Dodging
 - Level 4.5 Stealth
 + Level 11.2 Spellcasting
 + Level 16.6 Hexes
 - Level 4.0 Evocations


You had 2 spell levels left.
You knew the following spells:

 Your Spells              Type           Power      Damage    Failure   Level
a - Fulminant Prism       Conj/Hex       32%        3d15      1%          4
b - Leda's Liquefaction   Hex/Erth       32%        N/A       1%          4
c - Metabolic Englaciati  Hex/Ice        32%        N/A       1%          5
d - Yara's Violent Unrav  Hex/Tmut       32%        3d13      1%          5
e - Enfeeble              Hex            45%        N/A       1%          7
f - Discord               Hex            45%        N/A       11%         8
g - Anguish               Hex/Necr       32%        N/A       1%          4

Your spell library contained the following spells:

 Spells                   Type           Power      Damage    Failure   Level
 Apportation              Tloc           36%        N/A       1%          1
 Foxfire                  Conj/Fire      72%        2x1d7     1%          1
 Kiss of Death            Conj/Necr      72%        2d10      1%          1
 Magic Dart               Conj           72%        1d6       1%          1
 Necrotise                Necr           72%        1d7       1%          1
 Sting                    Tmut/Pois      72%        1d6       1%          1
 Summon Small Mammal      Summ           72%        N/A       1%          1
 Ensorcelled Hibernation  Hex/Ice        100%       N/A       1%          2
 Blink                    Tloc           36%        N/A       2%          2
 Lesser Beckoning         Tloc           36%        N/A       2%          2
 Poisonous Vapours        Pois/Air       36%        N/A       2%          2
 Searing Ray              Conj           36%        2d5       2%          2
 Confusing Touch          Hex            91%        N/A       0%          3
 Inner Flame              Hex/Fire       65%        N/A       1%          3
 Portal Projectile        Hex/Tloc       100%       N/A       1%          3
 Cause Fear               Hex            45%        N/A       1%          4
 Call Canine Familiar     Summ           18%        N/A       4%          3
 Gell's Gravitas          Tloc           18%        N/A       4%          3
 Spider Form              Tmut/Pois      18%        N/A       4%          3
 Teleport Other           Tloc           18%        N/A       4%          3
 Vhi's Electric Charge    Tloc/Air       36%        N/A       4%          3
 Animate Dead             Necr           18%        N/A       16%         4
 Dispel Undead            Necr           18%        3d11      16%         4
 Flame Wave               Conj/Fire      18%        2d7       16%         4
 Iskenderun's Mystic Bla  Conj/Tloc      18%        2d6       16%         4
 Olgreb's Toxic Radiance  Pois           18%        N/A       16%         4
 Petrify                  Tmut/Erth      18%        N/A       16%         4
 Arcjolt                  Conj/Air       9%         1d19      38%         5
 Fireball                 Conj/Fire      9%         3d6       38%         5
 Dispersal                Tloc           9%         N/A       89%         6
 Plasma Beam              Fire/Air       9%         2x1d19    89%         6
 Simulacrum               Ice/Necr       9%         N/A       89%         6
 Starburst                Conj/Fire      9%         6d5       89%         6
 Statue Form              Tmut/Erth      12%        N/A       89%         6
 Haunt                    Necr/Summ      9%         N/A       100%        7
 Monstrous Menagerie      Summ           9%         N/A       100%        7
 Ozocubu's Refrigeration  Ice            9%         4d9       100%        7
 Infestation              Necr           9%         N/A       100%        8
 Polar Vortex             Ice            9%         12d1*     100%        9


Dungeon Overview and Level Annotations

Branches:
Dungeon (12/15)            Temple (0/1) D:4            Lair (5/5) D:9
  Swamp (4/4) Lair:3       Spider (4/4) Lair:2        Slime (0/5) Lair:5
    Orc (2/2) D:12            Elf (3/3) Orc:2         IceCv (visited)
Volcano (visited)         Gauntlet (visited)

Shops:
Orc:2 !***   Elf:1 =:=   Elf:3 (

Portals:
Abyss: Lair:5

Annotations:
D:11 2 transporters, pokeman's ghost, journeyman DEHW
Elf:1 1 runed translucent door, pokeman's ghost, adept DEHW
Elf:2 3 runed translucent doors


Innate Abilities, Weirdness & Mutations

You have an increased reservoir of magic. (+10% MP)
You shall have no god before yourself.
Your divine heritage dramatically boosts your attributes as you level up.


Message History

The deep elf master archer shoots an arrow.
The arrow hits you!!
The deep elf high priest barely misses the deep elf blademaster.
The deep elf master archer shoots an arrow.
The arrow hits you!!
The deep elf sorcerer completely misses you.
Unknown command.
Unknown command.
Unknown command.
Unknown command.
Unknown command.
Unknown command.
As you read the scroll of teleportation, it crumbles to dust.
You feel strangely unstable.
You feel stable enough to blink again.
You block the deep elf blademaster's attack.
The deep elf blademaster hits you but does no damage.
The deep elf high priest misses the deep elf blademaster.
The deep elf sorcerer mumbles some strange words.
The deep elf sorcerer glows brightly for a moment.
The deep elf sorcerer barely misses you.
The deep elf master archer shoots an arrow.
The arrow hits you!!!
* * * LOW HITPOINT WARNING * * *
The deep elf blademaster hits you with a +0 rapier.
* * * LOW HITPOINT WARNING * * *
The deep elf blademaster hits you with a +0 rapier.
* * * LOW HITPOINT WARNING * * *
The deep elf demonologist gestures at you while chanting.
You resist with almost no effort.
The deep elf high priest barely misses the deep elf blademaster.
The deep elf master archer shoots an arrow.
The arrow hits you!
* * * LOW HITPOINT WARNING * * *
The deep elf sorcerer hits you but does no damage.
The deep elf blademaster completely misses you.
The deep elf blademaster hits you but does no damage.
The deep elf master archer shoots an arrow.
The arrow hits you!
You die...

..## #....#####.##.#
..#####.#### ##.....##
..).....# ##.......#
#).###..#####........#
#.#.##).............##
##.#[)#..############
###...#### ##...##
###.)#)########.).).#
........)).)))ee@...#
..####.#.######.e...#
.## ##.#.## #.....# ##
##.#.# ##..ee# # #####
####.# # #.# # #)# #
##)## ## ##...##


You could see a deep elf blademaster (extremely poisoned), a deep elf master
archer, a deep elf sorcerer (fast, very poisoned), a deep elf demonologist and a
neutral deep elf high priest (fast, strong, insane, distracted).

Vanquished Creatures
  Mara (Spider:3)
  Bai Suzhen (Spider:3)
  Frances (D:12)
  Gastronok (Lair:3)
  3 thorn hunters (Swamp:4)
  A fenstrider witch (Swamp:3)
  5 deep elf sorcerers (Elf:3)
  2 emperor scorpions
  4 ghost moths
  4 eleionomae
  10 broodmothers
  8 deep elf annihilators (Elf:3)
  A deep elf demonologist (Elf:3)
  2 spark wasps
  3 bunyips
  A minotaur (Gauntlet)
  2 deep elf death magi (Elf:3)
  A fire dragon (Volcano)
  Snorg (Lair:3)
  4 deep elf high priests (Elf:3)
  5 entropy weavers
  23 hydras
  4 ghost crabs
  2 jorogumos
  2 boulder beetles
  12 alligators
  2 ogre magi (Orc:2)
  A radroach (Spider:3)
  A death scarab (Spider:4)
  10 two-headed ogres
  13 dancing weapons
  10 death yaks
  4 thrashing horrors (Lair:5)
  8 demonic crawlers
  16 deep elf knights
  Sonja (Lair:4)
  2 sun moths
  6 pharaoh ants
  2 deep trolls (Orc:2)
  5 goliath frogs
  5 spriggan druids
  2 large abominations (Lair:5)
  15 swamp dragons
  10 bog bodies
  5 orb spiders
  A wizard (Gauntlet)
  12 deep elf archers
  4 lindwurms (Volcano)
  An orc knight (Orc:2)
  7 steelbarb worms
  20 deep elf pyromancers
  32 deep elf zephyrmancers
  4 moths of wrath
  A manticore (D:12)
  An ugly thing (D:12)
  5 cyclopes
  2 will-o-the-wisps
  18 wolf spiders
  An ice statue (IceCv)
  12 elephants
  5 black mambas
  2 gargoyles (D:11)
  4 smoke demons
  4 torpor snails
  3 kobold demonologists
  9 cane toads
  8 rime drakes
  The ghost of Heh the Tainter, a novice OpVM of Okawaru (D:5)
  8 komodo dragons
  An ice devil (IceCv)
  2 anaconda simulacra (IceCv)
  4 ancient zymes (Lair:5)
  11 trolls
  A meliai (Spider:3)
  2 polar bears
  9 tyrant leeches
  A blink frog (shapeshifter) (Lair:5)
  6 dream sheep (Lair:4)
  18 blink frogs
  19 tarantellas
  13 small abominations (Lair:5)
  9 hornets
  2 air elementals
  32 jumping spiders
  A water elemental (Elf:1)
  7 slime creatures
  12 culicivoras
  2 shadows
  6 spriggans
  2 ynoxinuls (Lair:5)
  10 wyverns
  3 wraiths
  5 fire elementals
  25 yaks
  A dire elephant simulacrum (IceCv)
  7 basilisks
  4 chaos spawn
  A redback (shapeshifter) (Elf:1)
  A neqoxec (Gauntlet)
  58 redbacks
  4 death yak simulacra (IceCv)
  8 steam dragons
  The ghost of Leavold the Digger, an amateur OpEE (D:4)
  2 harpy simulacra (IceCv)
  An acid dragon (D:10)
  18 swamp worms
  2 hydra simulacra (IceCv)
  16 water moccasins
  A naga (D:5)
  10 swamp drakes
  2 hell hounds (Volcano)
  16 orc warriors
  An ice beast (D:5)
  2 sky beasts (D:8)
  19 ogres
  7 black bears
  4 centaurs
  8 wolves
  4 kobold brigands
  17 bullfrogs
  3 gnoll sergeants
  2 scorpions (D:6)
  6 two-headed ogre simulacra (IceCv)
  2 cane toad simulacra (IceCv)
  10 wights
  11 killer bees
  An elephant simulacrum (IceCv)
  6 howler monkeys
  2 electric eels
  5 hounds
  4 gnoll boudas
  2 jellies
  A sleepcap (D:6)
  4 iguanas
  13 orc priests
  Natasha (thrice) (D:2)
  17 orc wizards
  8 spriggan simulacra (IceCv)
  2 troll simulacra (IceCv)
  A wolf simulacrum (IceCv)
  Robin (D:3)
  32 gnolls
  10 naga simulacra (IceCv)
  8 adders
  A shadow imp (Gauntlet)
  9 white imps
  2 ufetubi
  2 worms
  56 orcs
  8 endoplasms
  2 giant cockroaches (D:1)
  18 goblins
  11 hobgoblins
  14 jackals
  16 kobolds
  5 quokkas
  3 ball pythons
  10 bats
  4 frilled lizards
  6 rats
  A fulminant prism (Lair:3)
1127 creatures vanquished.

Vanquished Creatures (collateral kills)
  A deep elf demonologist (Elf:3)
  A dancing weapon (Elf:2)
  A demonic crawler (Spider:2)
  A deep elf knight (Elf:2)
  2 orb spiders (Spider:2)
  A wolf spider (Spider:2)
  2 tarantellas (Spider:1)
  A culicivora (Spider:1)
  2 redbacks
12 creatures vanquished.

Vanquished Creatures (others)
  4 deep elf pyromancers
  2 deep elf zephyrmancers
  A tarantella (Spider:4)
  A redback (Spider:1)
  6 foxfires
  50 fulminant prisms
64 creatures vanquished.

Grand Total: 1203 creatures vanquished

Notes
Turn   | Place    | Note
-------+----------+-------------------------------------------
     0 | D:5      | drugrobin the Demigod Delver began the quest for the Orb.
     0 | D:5      | Reached XP level 1. HP: 18/18 MP: 3/3
    35 | D:3      | Reached skill level 2 in Polearms
   235 | D:2      | Identified the +1 sling of Impermanence {drain, rElec rPois
                  | Int+2}
   253 | D:2      | Reached XP level 2. HP: 20/25 MP: 4/4
   317 | D:2      | Reached skill level 3 in Polearms
   318 | D:2      | Noticed Natasha
   402 | D:1      | Reached XP level 3. HP: 30/30 MP: 5/5
  1191 | D:2      | Reached skill level 4 in Polearms
  1206 | D:2      | Killed Natasha
  1207 | D:2      | Reached XP level 4. HP: 34/37 MP: 6/6
  2160 | D:3      | Reached skill level 5 in Polearms
  2176 | D:3      | Reached XP level 5. HP: 42/42 MP: 7/7
  2690 | D:3      | Noticed Robin
  2996 | D:3      | Killed Robin
  3474 | D:4      | Reached XP level 6. HP: 50/50 MP: 8/8
  3480 | D:4      | Reached skill level 6 in Polearms
  3480 | D:4      | Reached skill level 1 in Evocations
  3507 | D:4      | Found a staircase to the Ecumenical Temple.
  3667 | D:4      | Found a runed translucent gate.
  3667 | D:4      | Found a runed translucent gate.
  3667 | D:4      | Found a runed translucent gate.
  3668 | D:4      | Noticed Leavold's ghost (amateur OpEE)
  4308 | D:5      | Reached XP level 7. HP: 48/56 MP: 6/9
  4518 | D:2      | Noticed Natasha
  4530 | D:2      | Killed Natasha
  5536 | D:2      | Noticed Natasha
  5546 | D:2      | Killed Natasha
  5699 | D:5      | Identified the +3 trident of Hyckis {venom, +Blink Str+2
                  | Int+3 Dex-2}
  5699 | D:5      | Identified the +4 buckler of the Accordion {rC+}
  5812 | D:5      | Reached skill level 7 in Polearms
  5845 | D:5      | Found a transporter.
  5967 | D:5      | Identified the ring of Morality {Fire Dex+2}
  5967 | D:5      | Noticed Heh's ghost (novice OpVM)
  6017 | D:5      | Found a transporter.
  6469 | D:6      | Reached skill level 8 in Polearms
  6512 | D:6      | Reached XP level 8. HP: 53/62 MP: 7/10
  7181 | D:7      | Reached skill level 9 in Polearms
  8082 | D:8      | Reached skill level 10 in Polearms
  8341 | D:8      | Reached XP level 9. HP: 62/68 MP: 9/11
  8587 | D:8      | Reached skill level 11 in Polearms
  9896 | D:4      | Killed Leavold's ghost
 10135 | D:5      | Killed Heh's ghost
 10136 | D:5      | Reached skill level 12 in Polearms
 10608 | D:7      | Reached skill level 1 in Spellcasting
 10939 | D:10     | Entered Level 10 of the Dungeon
 10942 | D:10     | Noticed a kobold demonologist
 10943 | D:10     | Noticed a kobold demonologist
 10972 | D:9      | Reached XP level 10. HP: 30/74 MP: 12/19
 11214 | D:9      | Reached skill level 5 in Spellcasting
 11261 | D:9      | Reached skill level 13 in Polearms
 11313 | D:9      | Noticed a two-headed ogre
 11343 | D:9      | Killed a two-headed ogre
 11518 | D:9      | Found a staircase to the Lair.
 11881 | D:9      | Got Cuj Waid's Incunabulum of Nonlocality and Enchantment
 12159 | D:10     | Noticed a smoke demon
 12563 | D:10     | Reached skill level 14 in Polearms
 12815 | D:10     | Identified the +6 scale mail "Diniol" {*Corrode Regen+
                  | Str+3 Stlth+}
 13175 | D:11     | Reached XP level 11. HP: 82/82 MP: 27/27
 13444 | D:11     | Found a transporter.
 13448 | D:11     | Noticed pokeman's ghost (journeyman DEHW)
 13454 | D:11     | Noticed a boulder beetle
 13473 | D:11     | Killed a boulder beetle
 13558 | D:11     | Found a transporter.
 13875 | Lair:1   | Entered Level 1 of the Lair of Beasts
 14044 | Lair:1   | Reached skill level 5 in Fighting
 14159 | Lair:1   | Reached skill level 10 in Spellcasting
 14606 | Lair:1   | Learned a level 4 spell: Fulminant Prism
 14696 | Lair:1   | Reached skill level 1 in Hexes
 14788 | Lair:1   | Noticed a death yak
 14817 | Lair:1   | Noticed a six-headed hydra
 14823 | Lair:1   | Killed a six-headed hydra
 14853 | Lair:1   | Killed a death yak
 15389 | Lair:2   | Reached XP level 12. HP: 69/97 MP: 23/31
 15431 | Lair:2   | Learned a level 4 spell: Leda's Liquefaction
 15567 | Lair:2   | Reached skill level 5 in Hexes
 15790 | Lair:2   | Found a hole to the Spider Nest.
 16033 | Lair:2   | Learned a level 5 spell: Metabolic Englaciation
 16039 | Lair:2   | Learned a level 5 spell: Yara's Violent Unravelling
 16742 | Lair:3   | Found a dark tunnel.
 16757 | Volcano  | Entered a volcano
 17756 | Volcano  | Noticed a fire dragon
 17799 | Volcano  | Killed a fire dragon
 18060 | Lair:3   | Noticed Gastronok
 18234 | Lair:3   | Noticed Snorg
 18494 | Lair:3   | Killed Gastronok
 18650 | Lair:3   | Killed Snorg
 18992 | Lair:3   | Reached XP level 13. HP: 110/110 MP: 32/32
 19037 | Lair:3   | Found a staircase to the Swamp.
 19474 | Lair:4   | Learned a level 7 spell: Enfeeble
 19523 | Lair:4   | Found a frozen archway.
 19539 | IceCv    | Entered an ice cave
 20918 | IceCv    | Identified the ring "Ladiguf" {Wiz rN+}
 21198 | Lair:4   | Reached skill level 5 in Dodging
 21198 | Lair:4   | Reached skill level 10 in Hexes
 21211 | Lair:4   | Learned a level 8 spell: Discord
 21985 | Lair:4   | Noticed Sonja
 21990 | Lair:4   | Killed Sonja
 22562 | Lair:5   | Entered Level 5 of the Lair of Beasts
 23047 | Lair:5   | Found a staircase to the Slime Pits.
 23179 | Lair:5   | Reached skill level 10 in Fighting
 23862 | Lair:5   | Reached XP level 14. HP: 90/121 MP: 22/33
 24136 | Lair:5   | Identified the +8 arbalest of Mewikk {heavy, rN++ Str+3
                  | Int-3}
 24136 | Lair:5   | Identified the +3 lajatang "Hellblazer" {drain, Str+5}
 25495 | Lair:5   | Found a one-way gate to the infinite horrors of the Abyss.
 26197 | D:12     | Noticed Frances
 26367 | D:12     | Found a gate leading to a gauntlet.
 26549 | Gauntlet | Entered a Gauntlet
 26549 | Gauntlet | Found a transporter.
 26549 | Gauntlet | Found a transporter.
 26549 | Gauntlet | Found a transporter.
 26550 | Gauntlet | Found a transporter.
 26550 | Gauntlet | Found the +13 scythe of Curses {drain, curses, Drain}
 26551 | Gauntlet | Found a transporter.
 26573 | Gauntlet | Found a transporter.
 26580 | Gauntlet | Found a transporter.
 26581 | Gauntlet | Found a transporter.
 26582 | Gauntlet | Found a transporter.
 26584 | Gauntlet | Found a transporter.
 26590 | Gauntlet | Found a runed translucent gate.
 26592 | Gauntlet | Found a transporter.
 26592 | Gauntlet | Found a transporter.
 26593 | Gauntlet | Found a runed translucent gate.
 26594 | Gauntlet | Found a runed translucent gate.
 27035 | Gauntlet | Identified the ring of the Iron Devil {rElec rF+ Slay+3}
 27117 | Gauntlet | Identified the +7 quarterstaff of the Dead {freeze, rN++
                  | Str-5 Dex+5}
 27117 | Gauntlet | Identified the ring of Okawaru's Indignation {Fly rPois
                  | Will+}
 27537 | D:12     | Killed Frances
 27957 | D:12     | Found a staircase to the Orcish Mines.
 28074 | Orc:1    | Entered Level 1 of the Orcish Mines
 28390 | Orc:1    | You fall into a shaft and drop 1 floor!
 28390 | Orc:2    | Entered Level 2 of the Orcish Mines
 28390 | Orc:2    | Found Niptiw's General Store.
 28390 | Orc:2    | Found Vonesem's Assorted Antiques.
 28493 | Orc:2    | Reached skill level 15 in Polearms
 28726 | Orc:2    | Found Weteoq's Assorted Antiques.
 28727 | Orc:2    | Found Zaos's Distillery.
 28760 | Orc:2    | Found a staircase to the Elven Halls.
 28771 | Orc:2    | Bought a potion of brilliance for 60 gold pieces
 28771 | Orc:2    | Bought a potion of heal wounds for 75 gold pieces
 28771 | Orc:2    | Bought a potion of heal wounds for 75 gold pieces
 28771 | Orc:2    | Bought a potion of heal wounds for 75 gold pieces
 28771 | Orc:2    | Bought a potion of heal wounds for 75 gold pieces
 28932 | Orc:2    | Bought a coral ring for 155 gold pieces
 29810 | Orc:2    | Bought the +3 crown of Dyrovepreva {rElec Int+2 SInv} for
                  | 993 gold pieces
 29810 | Orc:2    | Found the +3 crown of Dyrovepreva {rElec Int+2 SInv}
 30042 | Swamp:1  | Entered Level 1 of the Swamp
 30099 | Swamp:1  | Reached XP level 15. HP: 79/130 MP: 12/35
 31307 | Swamp:2  | Identified the amulet "Xutrix" {RegenMP MP-9 Int+4 Dex+8
                  | Slay+6}
 32072 | Swamp:3  | Noticed a fenstrider witch
 32086 | Swamp:3  | Killed a fenstrider witch
 32087 | Swamp:3  | Reached skill level 16 in Polearms
 32487 | Swamp:3  | Reached XP level 16. HP: 139/139 MP: 27/36
 33054 | Swamp:4  | Entered Level 4 of the Swamp
 33065 | Swamp:3  | Reached skill level 17 in Polearms
 34291 | Swamp:4  | Reached skill level 18 in Polearms
 34353 | Swamp:4  | Reached XP level 17. HP: 135/146 MP: 23/37
 34461 | Swamp:4  | Got a decaying rune of Zot
 34669 | Spider:1 | Entered Level 1 of the Spider Nest
 36308 | Spider:2 | Reached skill level 15 in Hexes
 36669 | Spider:2 | Reached skill level 19 in Polearms
 36857 | Spider:2 | Learned a level 4 spell: Anguish
 38330 | Spider:4 | Entered Level 4 of the Spider Nest
 39117 | Spider:4 | Noticed Bai Suzhen
 39151 | Spider:4 | Noticed Mara
 39636 | Spider:3 | Noticed drugrobin's illusion
 39653 | Spider:3 | Killed Mara
 39883 | Spider:3 | Killed Bai Suzhen
 40255 | Spider:4 | Reached skill level 20 in Polearms
 40502 | Spider:3 | Reached XP level 18. HP: 138/154 MP: 1/38
 41171 | Spider:4 | Got a gossamer rune of Zot
 41172 | Spider:4 | Identified the +0 hat of Kufyum {rN++ Regen+ Int-4 SInv}
 41757 | Elf:1    | Entered Level 1 of the Elven Halls
 41901 | Elf:1    | Noticed pokeman's ghost (adept DEHW)
 41904 | Elf:1    | Found a runed translucent door.
 42344 | Elf:1    | HP: 7/155 [deep elf archer/arrow (26)]
 42721 | Elf:1    | Found Xelum's Jewellery Shoppe.
 42722 | Elf:1    | Found Petih's Book Shop.
 42723 | Elf:1    | Found Alor's Jewellery Shoppe.
 42729 | Elf:1    | Bought a ring of resist corrosion for 320 gold pieces
 42731 | Elf:1    | Bought a book of Touch for 374 gold pieces
 42942 | Elf:2    | Paralysed by an air elemental for 1 turns
 42947 | Elf:2    | Paralysed by an air elemental for 1 turns
 43616 | Elf:2    | Found a runed translucent gate.
 43616 | Elf:2    | Found a runed translucent gate.
 43616 | Elf:2    | Found a runed translucent gate.
 43667 | Elf:3    | Entered Level 3 of the Elven Halls
 43920 | Elf:3    | Reached skill level 10 in Dodging
 44074 | Elf:3    | Reached skill level 21 in Polearms
 44082 | Elf:3    | Found Rogros Xiysh's Weapon Boutique.
 44336 | Elf:3    | Got the Handbook of Creative Traumaturgy
 45066 | Elf:3    | Shot with an arrow by a deep elf master archer

Illustrated notes

Levels and vault maps discovered:
D:1:      sevenhm_arrival_forest_fort_small_6, layout_basic,
          hellmonk_ecumenical_altar_lost_god, glass_columns_b, nrook_uturn
D:2:      layout_loops_ring, hangedman_decor_lopped, uniq_natasha
D:3:      kennysheep_goblin_castle, layout_loops_corners,
          mainiacjoe_overflow_small_starburst,
          mainiacjoe_overflow_concentric_impassable
D:4:      layout_loops_ring, nicolae_qazlal_eye_of_the_storm,
          minmay_temple_entry_antechambers, serial_rivers,
          chequers_serial_rivers_marsh, chequers_serial_rivers_room_b,
          chequers_serial_rivers_small_a, chequers_serial_rivers_marsh,
          chequers_serial_rivers_marsh, chequers_serial_rivers_micro_a,
          gammafunk_ghost_nasty_kobolds
D:5:      layout_gridville, lemuel_coloured_pillars_altar, old_standard_altar,
          gammafunk_ghost_gnarly_gnolls, bh_walls_and_bars
D:6:      layout_layer_cave
D:7:      layout_gridville, mainiacjoe_overflow_surrounded_room,
          overflow_temple_1_default
D:8:      layout_basic, chequers_temple_overflow_statue_of_worship,
          mainiacjoe_overflow_alcove_1
D:9:      layout_irregular_city, due_lair_maze_entry_diamond,
          grunt_ministairs_3, st_stairs_5
D:10:     layout_small_grid
D:11:     layout_loops_corners, gammafunk_ghost_berserking_beasts
D:12:     layout_long_grid, orc_0_dummy, gauntlet_entry_generic,
          minmay_misc_feat_rugged, uniq_frances
Lair:1:   layout_big_grid, nzn_random_ring
Lair:2:   layout_hall_layers, spider_nest_entry_webs, dreamdust_wasp_nest
Lair:3:   layout_chaotic_city, minmay_swamp_entry_worms,
          nicolae_volcano_entry_hallway, uniq_snorg, uniq_gastronok
Lair:4:   layout_cave_shapes, portal_ice_cave_entry_pillars_1,
          beast_lair_carwin_8, serial_bayou_shore_b, uniq_sonja
Lair:5:   hellmonk_lair_end_abyssal_woods, layout_gridlike, slime_entry_1,
          serial_bayou_shore_a
Swamp:1:  layout_basic_swamp, evilmike_swamp_ruin_house_5
Swamp:2:  layout_falls_marsh, nicolae_swamp_trees_clearing
Swamp:3:  layout_basic_swamp, evilmike_swamp_ruin_rubble_1
Swamp:4:  swamp_basic_johnstein, layout_basic_swamp
Spider:1: layout_cave_pods
Spider:2: layout_chambers, nicolae_spider_webbed_stairs
Spider:3: layout_cave_pods, guppyfry_spider_mini_1
Spider:4: hellmonk_spider_rune_endless_swarm, nicolae_spider_jagged_tunnels,
          uniq_bai_suzhen, uniq_mara
Orc:1:    layout_caves
Orc:2:    st_orc_open, layout_caves, mumra_transporter_accident
Elf:1:    layout_geoelf_octagon, hellmonk_ghost_happy_afterlife, minivault_28,
          minmay_shop_grove
Elf:2:    nicolae_elf_blades_crystal_corner, layout_geoelf_diagonals, drop_trap,
          grunt_ministairs_7
Elf:3:    minmay_elf_hall_four_x, layout_rooms, serial_shops,
          nicolae_shop_just_a_little_nook, minmay_elf_sorcery

Skill      XL: |  1  2  3  4  5  6  7  8  9 10 11 12 13 14 15 16 17 18 |
---------------+-------------------------------------------------------+-----
Polearms       | 2 3 4 5 6 8 10 12 14 15 16 18 20 21 | 21.2
Evocations     | 2 4 |  4.0
Spellcasting   | 3 8 11 | 11.2
Fighting       | 3 6 8 10 11 12 13 | 13.1
Hexes          | 4 8 11 12 13 14 15 16 | 16.6
Dodging        | 3 6 8 10 | 10.0
Stealth        | |  4.5

Action                     |  1- 3 |  4- 6 |  7- 9 | 10-12 | 13-15 | 16-18 || total
---------------------------+-------+-------+-------+-------+-------+-------++-------
  Melee: Trident           |    90 |   133 |   424 |   842 |  1827 |  1873 ||  5189
         Punch             |       |     2 |     7 |       |       |       ||     9
         Dagger            |       |       |    40 |       |       |       ||    40
         Halberd           |       |       |     3 |       |       |       ||     3
         Hand axe          |       |       |       |       |    10 |     5 ||    15
   Fire: Sling             |    51 |   144 |   123 |   123 |   123 |       ||   564
  Throw: Dart              |       |       |       |     1 |       |     2 ||     3
   Cast: Fulminant Prism   |       |       |       |    22 |    27 |     2 ||    51
         Metabolic Englaci |       |       |       |     5 |    46 |    86 ||   137
         Leda's Liquefacti |       |       |       |     5 |    16 |     4 ||    25
         Yara's Violent Un |       |       |       |     1 |    33 |    73 ||   107
         Enfeeble          |       |       |       |       |    30 |    63 ||    93
         Discord           |       |       |       |       |       |    13 ||    13
         Anguish           |       |       |       |       |       |     6 ||     6
Ability: Evoke Blink       |       |       |     1 |     1 |     5 |    13 ||    20
  Evoke: Wand              |       |       |     5 |     5 |    22 |    30 ||    62
         Lightning rod     |       |       |       |     5 |       |     2 ||     7
         Phantom mirror    |       |       |       |       |     1 |       ||     1
         Box of beasts     |       |       |       |       |     1 |     2 ||     3
    Use: Scroll            |       |       |     9 |     7 |    13 |     4 ||    33
         Potion            |       |       |     4 |       |     2 |     3 ||     9
   Stab: Sleeping          |     3 |       |     3 |     8 |     9 |     8 ||    31
         Paralysed         |       |       |     1 |       |       |       ||     1
         Distracted        |       |       |       |     2 |     3 |     8 ||    13
         Invisible         |       |       |       |       |    27 |    53 ||    80
 Armour: Leather armour    |    29 |       |       |       |       |       ||    29
         Chain mail        |     1 |    22 |       |       |       |       ||    23
         Ring mail         |       |    58 |   162 |   133 |    18 |       ||   371
         Troll leather arm |       |       |       |     4 |   314 |   477 ||   795
  Dodge: Dodged            |    42 |   105 |   268 |   349 |   678 |  1050 ||  2492
  Block: Buckler           |       |       |    53 |   187 |   412 |   595 ||  1247

Table legend: (Time is in decaauts)
 A = Elapsed time spent in this place.
 B = Non-inter-level travel time spent in this place.
 C = Inter-level travel time spent in this place.
 D = Time resting spent in this place.
 E = Time spent auto-exploring this place.
 F = Levels seen in this place.
 G = Mean time per level.
                   A        B        C        D        E       F      G
               +--------+--------+--------+--------+--------+-----+--------+
         Total |  43741 |  40608 |   3133 |   5998 |  20805 |  33 | 1325.5 |
       Dungeon |  15611 |  13980 |   1631 |    894 |   9250 |  12 | 1300.9 |
          Lair |   8952 |   8154 |    798 |   1177 |   4268 |   5 | 1790.4 |
         Swamp |   4421 |   4187 |    234 |    931 |   1546 |   4 | 1105.2 |
   Spider Nest |   6535 |   6228 |    307 |   1222 |   2840 |   4 | 1633.8 |
  Orcish Mines |   1549 |   1448 |    101 |     72 |    863 |   2 |  774.5 |
   Elven Halls |   3133 |   3074 |     59 |    475 |   1108 |   3 | 1044.3 |
      Ice Cave |   1486 |   1486 |      0 |    262 |    544 |   1 | 1486.0 |
       Volcano |   1220 |   1220 |      0 |    621 |    173 |   1 | 1220.0 |
      Gauntlet |    832 |    832 |      0 |    343 |    212 |   1 |  832.0 |
               +--------+--------+--------+--------+--------+-----+--------+

Top non-repeatable levels by time:
Spider:3: 2748 daAuts
  Lair:5: 2576 daAuts
     D:2: 2184 daAuts
  Lair:1: 1908 daAuts
  Lair:4: 1838 daAuts
     D:8: 1748 daAuts
     D:9: 1551 daAuts
     D:3: 1514 daAuts
  Lair:3: 1487 daAuts
   IceCv: 1486 daAuts
     D:5: 1482 daAuts
 Swamp:1: 1333 daAuts
Spider:4: 1332 daAuts
 Swamp:3: 1328 daAuts
   Elf:3: 1316 daAuts
